 Dungeon Crawl Stone Soup version 0.28-a0-429-g1448048969 (webtiles) character file.

Game seed: 11748918023716526763

88 bande the Skirmisher (level 4, -2/29 HPs)
             Began as a Gargoyle Fighter on Sept 10, 2021.
             Slain by a gnoll (12 damage)
             ... on level 3 of the Dungeon.
             The game lasted 00:03:18 (2640 turns).

bande the Skirmisher (Gargoyle Fighter)             Turns: 2640, Time: 00:03:19

Health: -2/29      AC: 10    Str: 19    XL:     4   Next: 53%
Magic:  4/4        EV:  9    Int:  9    God:
Gold:   116        SH:  4    Dex: 10    Spells: 3/3 levels left

rFire   . . .      SeeInvis .   a - +0 war axe
rCold   . . .      Faith    .   c - +0 buckler
rNeg    + . .      Spirit   .   b - +0 scale mail
rPois   ∞          Reflect  .   (no helmet)
rElec   +          Harm     .   (no cloak)
rCorr   .          Rampage  .   (no gloves)
Will    .....                   (no boots)
Stlth   ..........              (no amulet)
HPRegen 0.09/turn               (no ring)
MPRegen 0.09/turn               (no ring)

@: no status effects
A: sickness immunity, AC +3, negative energy resistance 1, electricity
resistance, torment resistance 1, petrification resistance
a: no special abilities


You were on level 3 of the Dungeon.
You visited 1 branch of the dungeon, and saw 3 of its levels.

You collected 116 gold pieces.

Inventory:

Hand Weapons
 a - a +0 war axe (weapon)
Armour
 b - a +0 scale mail (worn)
 c - a +0 buckler (worn)
Scrolls
 g - a scroll of identify
Potions
 d - a potion of might
 e - a potion of brilliance
 f - a potion of berserk rage
 i - a potion of heal wounds


   Skills:
 + Level 4.0 Fighting
 + Level 2.9 Axes
 + Level 3.9 Armour
 + Level 3.7 Shields


You had 3 spell levels left.
You didn't know any spells.
Your spell library was empty.

Dungeon Overview and Level Annotations

Branches:
Dungeon (3/15)

Altars:
Elyvilon

Shops:
D:1 [


Innate Abilities, Weirdness & Mutations

You are immune to sickness and miasma.
Your stone body is resilient. (AC +3)
You are immune to poison.
You resist negative energy. (rN+)
You are resistant to electric shocks. (rElec)
You are resistant to unholy torment.
You are immune to petrification.


Message History

You barely miss the gnoll. The gnoll hits you with a +0 halberd.
The gnoll hits you but does no damage. The gnoll closely misses you.
The gnoll hits you from afar with a +0 halberd.
You are too injured to fight recklessly!
You are too injured to fight recklessly!
You are too injured to fight recklessly!
You are too injured to fight recklessly!
You are too injured to fight recklessly!
You are too injured to fight recklessly!
You are too injured to fight recklessly!
You are too injured to fight recklessly!
You are too injured to fight recklessly!
You are too injured to fight recklessly!
You see here a worm corpse.
The gnoll throws a throwing net.
The throwing net hits you.
You become entangled in the net!
You see here a throwing net.
You struggle against the net.
You struggle against the net.
You struggle against the net.
You struggle against the net.
The gnoll hits you with a +0 halberd.
You shred the net and break free! The gnoll hits you but does no damage.
The gnoll hits you from afar with a +0 halberd.
* * * LOW HITPOINT WARNING * * *
There is a stone staircase leading up here.
You see here a potion of attraction.
You climb upwards.
There is a stone staircase leading down here.
You start resting.
HP restored.
You climb downwards.
The gnoll throws a throwing net.
You block the throwing net. The gnoll hits you with a +0 flail!
The gnoll barely misses you.
The gnoll hits you from afar with a +0 halberd.
There is a stone staircase leading up here.
Things that are here:
a throwing net; a potion of attraction The gnoll hits you with a +0 flail!
The gnoll hits you from afar with a +0 halberd!
You die...

#.# #..## ##.###.##...#
#.# #.#.## ##.####.....##
#.# #.##.###..........#.#
#.####.###...####...#.###.
#....)......## ##)###..##.
######.#.....# #..g[......
#.......###.#.#..†..#
###g...[#...#.g......
#.@.gg..###.#.⌠.⌠.#
#.÷...#...#........
###.#.###.#.#.....# #.#.#
......_... #.#.#
##..#.....# #.#.#
#......... #....
#..#.⌠.⌠.# #..#.


You could see 3 gnolls.

Vanquished Creatures
  A gnoll (D:3)
  2 adders (D:2)
  2 worms
  A dart slug (D:1)
  An orc (D:2)
  4 bats (D:2)
  3 endoplasms
  2 giant cockroaches (D:1)
  8 goblins
  9 hobgoblins
  2 jackals (D:1)
  A quokka (D:1)
  3 ball pythons
  4 frilled lizards
  3 kobolds (D:2)
  3 rats
49 creatures vanquished.

Notes
Turn   | Place    | Note
-------+----------+-------------------------------------------
     0 | D:1      | bande the Gargoyle Fighter began the quest for the Orb.
     0 | D:1      | Reached XP level 1. HP: 14/14 MP: 1/1
    20 | D:1      | Found a faded altar of an unknown god.
   126 | D:1      | Found Goah Joge's Armour Shoppe.
   174 | D:1      | Reached XP level 2. HP: 7/19 MP: 2/2
  1165 | D:1      | Reached XP level 3. HP: 21/24 MP: 3/3
  1829 | D:2      | Reached XP level 4. HP: 24/29 MP: 4/4
  1911 | D:2      | Reached skill level 4 in Fighting
  2270 | D:3      | Found a white marble altar of Elyvilon.
  2640 | D:3      | Slain by a gnoll

Illustrated notes

Levels and vault maps discovered:
D:1:      lightli_arrival_flooded_house, layout_loops_ring,
          ebering_ecumenical_altar_sacrificial, serial_shops, nicolae_shop_stone
D:2:      layout_basic
D:3:      layout_loops_ring, elyvilon_altar_5, minmay_bisected

Skill      XL: |  1  2  3  4 |
---------------+-------------+-----
Axes           | 2 |  2.9
Fighting       | 4 |  4.0
Armour         | |  3.9
Shields        | |  3.7

Action                   |  1- 3 |  4- 6 || total
-------------------------+-------+-------++-------
Melee: War axe           |   130 |    42 ||   172
  Use: Scroll            |     2 |     4 ||     6
Armor: Scale mail        |    75 |    18 ||    93
Dodge: Dodged            |    55 |    26 ||    81
Block: Buckler           |    27 |    10 ||    37

Table legend: (Time is in decaauts)
 A = Elapsed time spent in this place.
 B = Non-inter-level travel time spent in this place.
 C = Inter-level travel time spent in this place.
 D = Time resting spent in this place.
 E = Time spent auto-exploring this place.
 F = Levels seen in this place.
 G = Mean time per level.
                   A        B        C        D        E       F      G
               +--------+--------+--------+--------+--------+-----+--------+
         Total |   2711 |   2711 |      0 |    604 |   1631 |   3 |  903.7 |
       Dungeon |   2711 |   2711 |      0 |    604 |   1631 |   3 |  903.7 |
               +--------+--------+--------+--------+--------+-----+--------+

Top non-repeatable levels by time:
     D:1: 1396 daAuts
     D:2: 1140 daAuts
     D:3: 174 daAuts
